AoeStats
← Blazing Cartesia, The Virtuous

Arabia

510335339Analyzed
1v1 RM · 14h ago on Sep 30, 2026· 21m 7s· 2 players
Game mode
Random Map
Map size
Tiny (2 player)
Population
200
Speed
Normal
Resources
Standard
Victory
Conquest
Starting age
Dark Age
Ending age
Imperial Age
RankedLock teamsTeams togetherTeam positionsShared explorationLock speedFull tech treeHidden civsTurbo modeCheats
Victory
Defeat
🇨🇦 Wei · Canada
1231
+18
1264
-18
Mompoxa
6:23 Loom
9:22 Feudal Age
9:35 Feudal Age
10:07 Double-Bit Axe
12:51 Horse Collar
20:40 Castle Age
18:50 Fletching
19:39 Scale Mail Armor
20:03 Gold Mining
20:24 Stone Mining
21:26 Scale Barding Armor
Blazing Cartesia, The Virtuous
6:33 Loom
9:24 Feudal Age
9:54 Double-Bit Axe
9:52 Horse Collar
18:19 Bloodlines
Connection lost

Rejoining the realm…

Still unreachable

The connection could not be restored.

Session expired

The server has moved on; the page needs a fresh start.